 Dungeon Crawl Stone Soup version 0.24-a0-528-g98e85ec62a (webtiles) character file.

Game seed: 955418917485949666

86 Mithandil the Conjurer (level 4, -10/24 HPs)
             Began as a Tengu Conjurer on Aug 6, 2019.
             Mangled by Sigmund
             ... wielding a +0 scythe
              (11 damage)
             ... on level 2 of the Dungeon.
             The game lasted 00:18:03 (2068 turns).

Mithandil the Conjurer (Tengu Conjurer)             Turns: 2068, Time: 00:18:04

Health: -10/24     AC:  4    Str: 10    XL:     4   Next: 50%
Magic:  8/8        EV: 12    Int: 15    God:
Gold:   75         SH:  4    Dex: 14    Spells: 5/8 levels left

rFire    . . .     SeeInvis .   b - +0 spear
rCold    . . .     Gourm    .   f - +0 buckler
rNeg     . . .     Faith    .   k - +0 leather armour
rPois    .         Spirit   .   (helmet restricted)
rElec    .         Reflect  .   (no cloak)
rCorr    .         Harm     .   h - +0 pair of gloves
MR       .....                  (boots unavailable)
Stlth    ++........             (no amulet)
HPRegen  0.08/turn              (no ring)
MPRegen  0.11/turn              (no ring)

@: no status effects
A: beak, talons 3
a: no special abilities


You were on level 2 of the Dungeon.
You were not hungry.

You visited 1 branch of the dungeon, and saw 3 of its levels.

You collected 75 gold pieces.

Inventory:

Hand Weapons
 a - a +1 dagger
 b - a +0 spear (weapon)
 d - a +0 hand axe
 n - a +0 whip
 r - a +0 short sword
 s - a +0 flail
 t - a +0 hunting sling
Missiles
 e - 17 poisoned darts (quivered)
 i - 21 arrows
 j - 79 stones
Armour
 f - a +0 buckler (worn)
 h - a +0 pair of gloves (worn)
 k - a +0 leather armour (worn)
Scrolls
 g - a scroll of identify
 l - 3 scrolls of teleportation
 m - a scroll of fear {unknown}
Potions
 o - 2 potions of agility {unknown}
 p - a potion of haste {unknown}
Comestibles
 c - 6 rations


   Skills:
 + Level 0.9 Short Blades
 + Level 0.0 Polearms
 + Level 0.7 Throwing
 + Level 0.2 Armour
 + Level 2.5 Dodging
 + Level 2.2 Stealth
 * Level 1.3 Shields
 + Level 1.0 Unarmed Combat
 * Level 2.5 Spellcasting
 * Level 5.9 Conjurations


You had 5 spell levels left.
You knew the following spells:

 Your Spells              Type           Power        Failure   Level  Hunger
a - Magic Dart            Conj           ###.         3%          1    #......
b - Searing Ray           Conj           ###...       5%          2    ###....

Your spell library contained the following spells:

 Spells                   Type           Power        Failure   Level  Hunger
 Iskenderun's Mystic Bla  Conj           ###.....     34%         4    #####..
 Dazzling Spray           Conj/Hex       ##....       36%         3    ###....
 Animate Skeleton         Necr           N/A          38%         1    #......
 Apportation              Tloc           #.....       38%         1    #......
 Confusing Touch          Hex            #.....       38%         1    #......
 Summon Small Mammal      Summ           #...         38%         1    #......
 Force Lance              Conj/Tloc      ##......     77%         4    #####..
 Fulminant Prism          Conj/Hex       ##........   77%         4    #####..


Dungeon Overview and Level Annotations

Branches:
Dungeon (3/15)

Altars:

Annotations:
D:2 Sigmund


Innate Abilities, Weirdness & Mutations

You have a beak for a mouth.
You have claws for feet.


Message History

Sigmund flickers and vanishes!
Deactivating autopickup; reactivate with Ctrl-A.
Something tries to affect you, but you resist.
A puff of flame appears from out of thin air!
The puff of flame hits you!
Casting: Magic Dart (safe; 3% risk of failure)
Confirm with . or Enter, or press ? or * to list all spells.
You can't see any susceptible monsters within range! (Use Z to cast anyway.) Unknown command.
Something tries to affect you, but you resist.
You hear some strange, mumbled words.
A magic dart appears from out of thin air!
The magic dart hits you.
You barely miss something. Something completely misses you.
You miss something. You claw something. You hit something. Something hits you!
Ouch! That really hurt!
* * * LOW HITPOINT WARNING * * *
You closely miss something. Something hits you!
You die...

#....##.#######.#
#.##.#...# #.#
#.#......# #.#
#.##.#รท..######.#
#.####.#......#.#
#.......#####.#)#
######..# ##.#.#
###############..#
#..#.#
#.........@{.....#
#.##.#
################.#
#.##.#
#...#....####.##.#
#...........#....#
#...#.#####.######
######
...#...........#
.....#
####...).......#
#....#
...............#
#.##.#
#####...##.....#


There were no monsters in sight!

Vanquished Creatures
  3 gnolls (D:2)
  An adder (D:2)
  A leopard gecko (D:1)
  An orc (D:2)
  2 giant cockroaches (D:1)
  7 goblins
  4 hobgoblins
  7 jackals
  6 bats
  2 frilled lizards (D:1)
  3 kobolds
  5 rats
42 creatures vanquished.

Notes
Turn   | Place    | Note
-------+----------+-------------------------------------------
     0 | D:1      | Mithandil the Tengu Conjurer began the quest for the Orb.
     0 | D:1      | Reached XP level 1. HP: 10/10 MP: 4/4
   250 | D:1      | Reached XP level 2. HP: 15/15 MP: 1/6
   254 | D:1      | Learned a level 2 spell: Searing Ray
   619 | D:1      | Reached XP level 3. HP: 11/19 MP: 3/7
  1132 | D:2      | Reached skill level 1 in Shields
  1747 | D:2      | Reached XP level 4. HP: 19/24 MP: 1/8
  1810 | D:2      | Reached skill level 1 in Unarmed Combat
  2054 | D:2      | Noticed Sigmund
  2067 | D:2      | HP: 1/24 [something (12)]
  2068 | D:2      | Mangled by Sigmund

Levels and vault maps discovered:
D:1:      matt_arrival_grand_opening, layout_rooms, hangedman_decor_push,
          minmay_tiny_reverse_x
D:2:      layout_basic, first_ration, roderic_roman_lattice,
          hangedman_glass_teeth, okawaru_altar_gauntlet_db, uniq_sigmund,
          uniq_crazy_yiuf_cottage
D:3:      layout_basic, nicolae_ru_path_of_blood, uniq_natasha, uniq_jessica,
          uniq_grinder

Skill      XL: |  1  2  3  4 |
---------------+-------------+-----
Shields        | 1 |  1.3
Unarmed Combat | 1 |  1.0
Short Blades   | |  0.9
Throwing       | |  0.7
Armour         | |  0.2
Dodging        | |  2.5
Stealth        | |  2.2
Spellcasting   | |  2.5
Conjurations   | |  5.9

Action                   |  1- 3 |  4- 6 || total
-------------------------+-------+-------++-------
Melee: Unarmed           |    28 |       ||    28
       Kick              |    14 |     3 ||    17
       Peck              |     9 |     1 ||    10
       Dagger            |    52 |     6 ||    58
       Club              |     4 |       ||     4
       Spear             |       |     5 ||     5
 Cast: Magic Dart        |    45 |     9 ||    54
  Use: Scroll            |     5 |       ||     5
 Stab: Sleeping          |     3 |       ||     3
  Eat: Ration            |     1 |       ||     1
       Chunk             |       |     1 ||     1
Armor: Robe              |     8 |       ||     8
       Leather armour    |    18 |       ||    18
Dodge: Dodged            |    60 |     6 ||    66
Block: Buckler           |    13 |     2 ||    15

Table legend:
 A = Non-vault XP
 B = Vault XP
 C = Vault XP percentage of total XP
 D = Non-vault monster count
 E = Vault monster count
 F = Vault count percentage of total count
                 A         B        C        D         E       F
            +---------+---------+-------+---------+---------+-------
      Total |     112 |      12 |   9.7 |      35 |       7 |  16.7
            +---------+---------+-------+---------+---------+-------
        D:1 |      34 |       3 |   8.1 |      20 |       2 |   9.1
        D:2 |      78 |       9 |  10.3 |      15 |       5 |  25.0
            +---------+---------+-------+---------+---------+-------
